AoeStats
← Savitar1678

Glade

510375427Analyzed
1v1 RM · 15h ago on Sep 30, 2026· 42m 0s· 2 players
Game mode
Random Map
Map size
Tiny (2 player)
Population
200
Speed
Normal
Resources
Standard
Victory
Conquest
Starting age
Dark Age
Ending age
Imperial Age
RankedLock teamsTeams togetherTeam positionsShared explorationLock speedFull tech treeHidden civsTurbo modeCheats
Victory
Defeat
🇩🇪 Koreans · Germany
1059
+17
🇺🇸 Jurchens · United States
1072
-17
Bissinsmarck
9:07 Feudal Age
8:51 Loom
14:21 Double-Bit Axe
15:18 Fletching
23:05 Castle Age
22:25 Stone Mining
22:28 Gold Mining
22:24 Horse Collar
24:14 Bodkin Arrow
33:32 Imperial Age
31:46 Stone Shaft Mining
33:15 Murder Holes
33:31 Fortified Wall
34:10 Bow Saw
35:13 Wheelbarrow
36:55 Chemistry
35:44 Pikeman
36:34 Bracer
36:37 Scale Mail Armor
36:50 Forging
38:44 Hand Cart
38:35 Elite Fire Lancer
43:14 Iron Casting
42:54 Chain Mail Armor
Savitar1678
7:59 Loom
11:46 Feudal Age
17:42 Castle Age
16:42 Stone Mining
22:31 Double-Bit Axe
32:33 Wheelbarrow
35:34 Imperial Age
34:09 Masonry
33:58 Gold Mining
34:57 Ballistics
34:33 Murder Holes
35:53 Hand Cart
36:55 Architecture
38:49 Treadmill Crane
42:17 Town Watch
Connection lost

Rejoining the realm…

Still unreachable

The connection could not be restored.

Session expired

The server has moved on; the page needs a fresh start.